 Dungeon Crawl Stone Soup version 0.30-a0-242-g7bf8e6d787 (webtiles) character file.

Game seed: 12737002378017683969

451 chippings the Slasher (level 7, -4/52 HPs)
             Began as a Human Cinder Acolyte on Oct 11, 2022.
             Was an Initiate of Ru.
             Slain by a fire elemental (13 damage)
             ... created by the fiery vengeance of Ignis
             ... on level 4 of the Dungeon.
             The game lasted 00:16:36 (3947 turns).

chippings the Slasher (Human Cinder Acolyte)        Turns: 3947, Time: 00:16:37

Health: -4/52      AC:  7    Str: 14    XL:     7   Next: 25%
Magic:  19/19      EV: 10    Int: 14    God:    Ru [......]
Gold:   128        SH:  0    Dex: 11    Spells: 4/10 levels left

rFire   . . .      SeeInvis .    s - +7 dagger of Internal Strife {drain, *Noise +Blink rCorr}
rCold   . . .      Faith    .    (no shield)
rNeg    . . .      Spirit   .    g - +0 ring mail
rPois   .          Reflect  .    y - +1 helmet
rElec   .          Harm     .    (no cloak)
rCorr   +          Rampage  .    (no gloves)
Will    .....                    (no boots)
Stlth   +.........               o - amulet of magic regeneration
HPRegen 0.28/turn                a - ring of magical power
MPRegen 0.56/turn                (no ring)

@: mighty, fire susceptible
A: no striking features
a: Renounce Religion, Evoke Blink


You were on level 4 of the Dungeon.
You worshipped Ru.
Ru was noncommittal.
You visited 1 branch of the dungeon, and saw 5 of its levels.
You also visited: Ossuary.

You collected 128 gold pieces.

Inventory:

Hand Weapons
 s - the +7 dagger of Internal Strife (weapon) {drain, *Noise +Blink rCorr}
   (You found it on level 3 of the Dungeon)

   A truly terrible weapon, it drains the life of any living foe it strikes.
   +Blink:    It lets you blink.
   *Noise:    It may make noises in combat.
   rCorr:     It protects you from acid and corrosion.
 v - a +3 short sword of speed
Armour
 g - a +0 ring mail (worn)
 y - a +1 helmet (worn)
Jewellery
 a - a ring of magical power (left hand)
 o - an amulet of magic regeneration (around neck)
Scrolls
 h - 5 scrolls of immolation
 j - 7 scrolls of noise
 q - 4 scrolls of magic mapping
Potions
 c - 2 potions of curing
 d - 3 potions of mutation {unknown}
 l - a potion of invisibility {unknown}
 r - a potion of cancellation
 t - a potion of brilliance {unknown}
 u - a potion of flight
 w - 2 potions of might
 z - a potion of ambrosia {unknown}


   Skills:
 - Level 3.0 Fighting
 - Level 2.3(4.0) Short Blades
 - Level 4.9(5.2) Long Blades
 - Level 2.0 Spellcasting
 * Level 4.8 Fire Magic
 + Level 1.4 Air Magic
 - Level 2.0 Evocations


You had 4 spell levels left.
You knew the following spells:

 Your Spells              Type           Power      Damage    Failure   Level
a - Scorch                Fire           28%        2d6       10%         2
b - Airstrike             Air            2%         2d(1-17)  95%         4

Your spell library contained the following spells:

 Spells                   Type           Power      Damage    Failure   Level
 Shock                    Conj/Air       12%        1d3       36%         1
 Swiftness                Air            5%         N/A       63%         3
 Vhi's Electric Charge    Tloc/Air       6%         N/A       73%         3
 Frozen Ramparts          Ice            2%         1d1       82%         3
 Ice Form                 Ice/Tmut       1%         N/A       99%         4
 Summon Ice Beast         Ice/Summ       1%         N/A       99%         4
 Arcjolt                  Conj/Air       1%         1d11      100%        5
 Maxwell's Capacitive Co  Air            2%         ∞         100%        8


Dungeon Overview and Level Annotations

Branches:
Dungeon (5/15)             Temple (0/1) D:4         Ossuary (visited)

Altars:
Okawaru
Ru
The Shining One

Annotations:
D:5 Dowan, Duvessa


Message History

You closely miss the fire elemental. The fire elemental hits you.
The fire elemental burns you!
You hit the fire elemental.
The fire elemental is lightly damaged.
The fire elemental hits you. The fire elemental burns you!
You hit the fire elemental.
The fire elemental is moderately damaged.
The fire elemental hits you. The fire elemental burns you!
You puncture the fire elemental!
The fire elemental is heavily damaged.
The fire elemental hits you. The fire elemental burns you!
* * * LOW HITPOINT WARNING * * *
You closely miss the fire elemental.
The fire elemental is heavily damaged.
The fire elemental closely misses you.
You feel much better. The fire elemental closely misses you.
The fire elemental hits you. The fire elemental burns you!
You closely miss the fire elemental.
The fire elemental is heavily damaged.
The fire elemental hits you. The fire elemental burns you!
* * * LOW HITPOINT WARNING * * *
You puncture the fire elemental!
The fire elemental is almost destroyed.
The fire elemental hits you. The fire elemental burns you!
* * * LOW HITPOINT WARNING * * *
You puncture the fire elemental!
Your dagger of Internal Strife shouts out instructions!
You destroy the fire elemental!
That felt strangely unrewarding.
You feel better.
The fire elemental closely misses you. x2
You puncture the fire elemental!
The fire elemental is heavily damaged.
The fire elemental barely misses you.
You hit the fire elemental.
Your dagger of Internal Strife cheers you on.
The fire elemental is heavily damaged.
The fire elemental hits you. The fire elemental burns you!
* * * LOW HITPOINT WARNING * * *
You feel better. The fire elemental hits you. The fire elemental burns you!
You die...

...##
#.##.#.#...#.#.###
...#
#........_.......#
...##
####.#.#...#.#.#.#
###.#
#.#.##.##.#.#.#
...##
#.#.......#.#.#
....##
#.####.####.#.#
...#.#
#...........#.#
...#.#
######.######.#
...#.#
#@#..#####.#
#.#.###
###E##.......#
.##...##
#..°##.#######
..#....# #.###..#
.#.....### ##.#
#.## .####....##
#.○# #.# .#
##.##..# #.## #.#
## #......###°#
##.# #
#.......#..# #..#


You could see a fire elemental.

Vanquished Creatures
  A fire elemental (D:4)
  A scorpion (D:4)
  A necrophage (D:4)
  A human zombie (Ossuary)
  An iguana (D:4)
  An orc wizard (D:4)
  Terence (D:2)
  5 mummies (Ossuary)
  A gnoll (D:2)
  6 adders
  An ufetubus (D:3)
  A worm (D:2)
  2 dart slugs
  11 orcs
  10 ball pythons
  2 bats
  6 endoplasms
  6 giant cockroaches
  3 goblins (D:1)
  7 hobgoblins
  10 kobolds
  3 quokkas
  4 frilled lizards
  3 hobgoblin zombies (Ossuary)
  4 orc zombies (Ossuary)
  6 rats
98 creatures vanquished.

Vanquished Creatures (others)
  5 plants (D:5)
5 creatures vanquished.

Grand Total: 103 creatures vanquished

Notes
Turn   | Place    | Note
-------+----------+-------------------------------------------
     0 | D:1      | chippings the Human Cinder Acolyte began the quest for the
                  | Orb.
     0 | D:1      | Reached XP level 1. HP: 18/18 MP: 2/2
   134 | D:1      | Reached XP level 2. HP: 24/24 MP: 3/3
   383 | D:1      | Reached XP level 3. HP: 29/29 MP: 4/4
   728 | D:1      | Learned a level 2 spell: Scorch
   825 | D:2      | Noticed Terence
   844 | D:2      | Killed Terence
   845 | D:2      | Reached XP level 4. HP: 19/35 MP: 1/5
  1448 | D:2      | Reached XP level 5. HP: 41/41 MP: 7/7
  2144 | D:3      | Identified the +7 dagger of Internal Strife {drain, *Noise
                  | +Blink rCorr}
  2619 | D:4      | Reached skill level 1 in Short Blades
  2619 | D:4      | Reached skill level 1 in Evocations
  2619 | D:4      | Reached XP level 6. HP: 31/47 MP: 9/9
  2625 | D:4      | Learned a level 4 spell: Airstrike
  2734 | D:4      | Found a sacrificial altar of Ru.
  2757 | D:4      | Fell from the grace of Ignis
  2757 | D:4      | Became a worshipper of Ru the Awakened
  2837 | D:4      | Found a glowing golden altar of the Shining One.
  2904 | D:4      | You fall into a shaft and drop 1 floor!
  2904 | D:5      | Entered Level 5 of the Dungeon
  3006 | D:4      | Found a staircase to the Ecumenical Temple.
  3091 | D:4      | Found an iron altar of Okawaru.
  3120 | D:4      | Found a sand-covered staircase.
  3124 | Ossuary  | Entered an ossuary
  3197 | Ossuary  | Reached skill level 1 in Air Magic
  3197 | Ossuary  | Reached XP level 7. HP: 52/52 MP: 10/10
  3675 | D:5      | Noticed Duvessa
  3675 | D:5      | Noticed Dowan
  3755 | D:4      | Noticed a fire elemental
  3755 | D:4      | Noticed a fire elemental
  3755 | D:4      | Noticed a fire elemental
  3818 | D:3      | Noticed a fire elemental
  3818 | D:3      | Noticed a fire elemental
  3879 | D:4      | HP: 2/52 [fire elemental[the fiery vengeance of Ignis]
                  | (14)]
  3943 | D:4      | Killed a fire elemental
  3946 | D:4      | HP: 2/52 [fire elemental[the fiery vengeance of Ignis]
                  | (12)]
  3947 | D:4      | Slain by a fire elemental

Illustrated notes

Levels and vault maps discovered:
D:1:      dpeg_arrival_short_road, layout_loops_cross, minmay_pentomino_v2
D:2:      minmay_diamond_boxcup, layout_loops_ring, uniq_terence
D:3:      layout_loops_cross, uniq_crazy_yiuf_cottage
D:4:      nicolae_BIG_FREAKIN_CUBE, layout_rooms, okawaru_metal_pillars_1_2,
          nicolae_ru_sacrificial_ziggurat, nicolae_tso_swordbearing_angel,
          minmay_temple_entry_purple_smoke, enter_ossuary_5
D:5:      layout_basic, cheibrodos_worm_habitat, cheibrodos_sewer_entry_sluice,
          serial_bayou, serial_bayou_pond_c, serial_bayou_pond_b,
          serial_bayou_pond_d, serial_bayou_lagoon_a, uniq_eustachio,
          uniq_duvessa

Skill      XL: |  1  2  3  4  5  6 |
---------------+-------------------+-----
Long Blades    | 4 |  4.9
Spellcasting   | 2 |  2.0
Short Blades   | 1 2 |  2.3
Fire Magic     | 4 |  4.8
Evocations     | 1 2 |  2.0
Air Magic      | 1 |  1.4
Fighting       | |  3.0

Action                   |  1- 3 |  4- 6 |  7- 9 || total
-------------------------+-------+-------+-------++-------
Melee: Falchion          |    97 |    78 |       ||   175
       Dagger            |       |    48 |    35 ||    83
       Punch             |       |     1 |       ||     1
 Cast: Scorch            |     1 |    41 |     6 ||    48
Invok: Fiery Armour      |     1 |       |       ||     1
 Abil: Evoke Blink       |       |       |     2 ||     2
  Use: Potion            |     1 |     1 |    10 ||    12
       Scroll            |       |       |    11 ||    11
Armor: Robe              |     4 |       |       ||     4
       Chain mail        |    44 |       |       ||    44
       Ring mail         |       |    54 |    21 ||    75
Dodge: Dodged            |    38 |    65 |    20 ||   123

Table legend: (Time is in decaauts)
 A = Elapsed time spent in this place.
 B = Non-inter-level travel time spent in this place.
 C = Inter-level travel time spent in this place.
 D = Time resting spent in this place.
 E = Time spent auto-exploring this place.
 F = Levels seen in this place.
 G = Mean time per level.
                   A        B        C        D        E       F      G
               +--------+--------+--------+--------+--------+-----+--------+
         Total |   3934 |   3858 |     76 |    130 |   2043 |   6 |  655.7 |
       Dungeon |   3637 |   3561 |     76 |     52 |   2043 |   5 |  727.4 |
       Ossuary |    296 |    296 |      0 |     78 |      0 |   1 |  296.0 |
               +--------+--------+--------+--------+--------+-----+--------+

Top non-repeatable levels by time:
     D:3: 1022 daAuts
     D:2: 927 daAuts
     D:4: 882 daAuts
     D:1: 783 daAuts
 Ossuary: 296 daAuts
     D:5: 21 daAuts
